[ AOE2 MATCH · #505838402 ]
UnrankedWu vs Khitans
Player's team · LOSS
Rival team · WIN
[ REPLAY ANALYSIS · EXTRACTED FROM THE RECORDED GAME ]
Feudal
8:54
Castle
22:06
Imperial
30:44
| APM avg | 43.9 |
| APM peak | 112 |
| eAPM avg | 24.5 |
| Villagers / military | 76 / 16 |
Focus
⚔️ 39.1% · 🌾 60.9%
Unknown (1968) ×29 · Archer ×12 · Unknown (1942) ×8 · Scout Cavalry ×2 · Unknown (1944) ×2 · Monk ×1
Feudal
11:14
Castle
15:04
Imperial
31:11
| APM avg | 40.4 |
| APM peak | 93 |
| eAPM avg | 26.4 |
| Villagers / military | 142 / 52 |
Focus
⚔️ 25.9% · 🌾 74.1%
Skirmisher ×38 · Scout Cavalry ×5 · Trebuchet (Packed) ×4 · Monk ×3 · Unknown (1923) ×3 · Iron Pagoda ×2
Match map
Initial resources + every placement click. Lines = walls · curves = elevation contours. ◆ gold · ⬟ stone · ● berries · ✦ relic · ◌ wall gap
Your base· ✓ Closed at 22:06 · 0t walls · 2 gate(s)
Leres's base· ✓ Closed at 15:04 · 25t walls · 4 gate(s)
Smoothed initial terrain · ◌ = detected wall gap · hover for details
Inputs per minute
— [AirBo]空氣包 - - Leres
Build order — [AirBo]空氣包
First 150 of 210 actions detected
| 0:00 | Queue | Villager (Male) |
| 0:01 | Queue | Villager (Male) |
| 0:02 | Build | House |
| 0:02 | Build | House |
| 0:14 | Queue | Villager (Male) |
| 0:14 | Queue | Villager (Male) |
| 1:33 | Queue | Villager (Male) |
| 1:33 | Queue | Villager (Male) |
| 1:43 | Build | Lumber Camp |
| 1:57 | Queue | Villager (Male) |
| 2:23 | Queue | Villager (Male) |
| 2:23 | Queue | Villager (Male) |
| 2:38 | Queue | Villager (Male) |
| 3:18 | Queue | Villager (Male) |
| 3:19 | Queue | Villager (Male) |
| 3:38 | Queue | Villager (Male) |
| 3:38 | Queue | Villager (Male) |
| 3:50 | Build | House |
| 3:55 | Queue | Villager (Male) |
| 3:55 | Queue | Villager (Male) |
| 3:58 | Build | House |
| 3:59 | Build | House |
| 4:02 | Build | House |
| 4:07 | Queue | Villager (Male) |
| 4:07 | Queue | Villager (Male) |
| 4:27 | Build | Mill |
| 5:02 | Queue | Villager (Male) |
| 5:11 | Queue | Villager (Male) |
| 5:23 | Queue | Villager (Male) |
| 6:15 | Research | Loom |
| 6:44 | Research | Feudal Age |
| 7:33 | Build | Mining Camp |
| 7:52 | Build | Barracks |
| 8:18 | Queue | Villager (Male) |
| 8:54 | Age | Feudal Age |
| 9:00 | Build | Watch Tower |
| 9:03 | Queue | Villager (Male) |
| 9:10 | Build | Watch Tower |
| 9:13 | Build | Archery Range |
| 9:18 | Queue | Villager (Male) |
| 9:24 | Research | Double-Bit Axe |
| 10:07 | Queue | Villager (Male) |
| 10:10 | Build | House |
| 10:12 | Queue | Skirmisher |
| 10:14 | Queue | Archer |
| 10:15 | Queue | Archer |
| 10:29 | Queue | Villager (Male) |
| 10:42 | Queue | Villager (Male) |
| 10:50 | Build | Blacksmith |
| 11:01 | Queue | Villager (Male) |
| 11:03 | Queue | Archer |
| 11:16 | Build | Mining Camp |
| 11:34 | Build | House |
| 11:52 | Queue | Archer |
| 12:02 | Queue | Villager (Male) |
| 12:19 | Queue | Villager (Male) |
| 12:31 | Build | Farm |
| 12:33 | Build | Farm |
| 12:39 | Queue | Villager (Male) |
| 13:04 | Build | Watch Tower |
| 13:13 | Research | Fletching |
| 13:19 | Build | Farm |
| 13:41 | Queue | Villager (Male) |
| 14:00 | Queue | Archer |
| 14:30 | Queue | Villager (Male) |
| 14:31 | Queue | Villager (Male) |
| 14:34 | Build | Farm |
| 14:36 | Build | House |
| 14:38 | Build | Farm |
| 14:39 | Build | Farm |
| 14:46 | Queue | Archer |
| 15:06 | Queue | Villager (Male) |
| 15:16 | Queue | Archer |
| 15:30 | Build | Watch Tower |
| 15:35 | Queue | Archer |
| 15:37 | Queue | Villager (Male) |
| 15:41 | Build | Farm |
| 15:49 | Build | Market |
| 16:03 | Research | Town Watch |
| 16:05 | Build | House |
| 16:17 | Queue | Villager (Male) |
| 16:19 | Queue | Archer |
| 16:21 | Queue | Archer |
| 16:32 | Build | Farm |
| 16:42 | Queue | Villager (Male) |
| 17:13 | Queue | Villager (Male) |
| 17:37 | Build | Watch Tower |
| 17:44 | Build | House |
| 17:47 | Build | Farm |
| 17:48 | Build | Farm |
| 18:14 | Queue | Villager (Male) |
| 18:19 | Queue | Archer |
| 18:34 | Build | Farm |
| 18:36 | Queue | Villager (Male) |
| 18:44 | Build | Mining Camp |
| 18:59 | Queue | Archer |
| 19:14 | Build | Farm |
| 19:26 | Research | Castle Age |
| 19:37 | Build | Stable |
| 20:00 | Build | House |
| 20:01 | Build | House |
| 20:51 | Queue | Scout Cavalry |
| 21:19 | Queue | Scout Cavalry |
| 21:44 | Queue | Villager (Male) |
| 22:06 | Age | Castle Age |
| 22:09 | Queue | Unit 1944 |
| 22:22 | Queue | Villager (Male) |
| 22:23 | Build | Farm |
| 22:23 | Build | Farm |
| 22:24 | Build | Farm |
| 22:38 | Queue | Villager (Male) |
| 22:40 | Build | Monastery |
| 22:50 | Queue | Villager (Male) |
| 22:56 | Queue | Unit 1944 |
| 23:03 | Research | Bow Saw |
| 23:06 | Build | Farm |
| 23:21 | Build | Castle |
| 23:29 | Build | Farm |
| 23:36 | Queue | Monk |
| 23:46 | Queue | Villager (Male) |
| 23:47 | Queue | Villager (Male) |
| 23:54 | Build | Farm |
| 24:10 | Queue | Villager (Male) |
| 24:11 | Build | Farm |
| 24:38 | Queue | Villager (Male) |
| 24:50 | Build | Farm |
| 25:11 | Queue | Villager (Male) |
| 25:14 | Build | Mining Camp |
| 25:28 | Queue | Unit 1968 |
| 25:29 | Queue | Unit 1968 |
| 25:44 | Build | Lumber Camp |
| 25:51 | Queue | Villager (Male) |
| 25:58 | Queue | Villager (Male) |
| 26:02 | Build | Town Center |
| 26:05 | Queue | Villager (Male) |
| 26:24 | Research | Wheelbarrow |
| 26:29 | Queue | Villager (Male) |
| 26:46 | Queue | Villager (Male) |
| 27:34 | Research | Imperial Age |
| 27:36 | Queue | Villager (Male) |
| 27:47 | Queue | Unit 1968 |
| 27:59 | Queue | Villager (Male) |
| 28:02 | Build | Farm |
| 28:07 | Build | Farm |
| 28:12 | Research | Horse Collar |
| 28:20 | Queue | Unit 1968 |
| 28:22 | Queue | Villager (Male) |
| 28:37 | Queue | Unit 1968 |
| 28:41 | Queue | Villager (Male) |
| 28:56 | Build | Castle |
Build order — Leres
First 150 of 337 actions detected
| 0:00 | Queue | Villager (Male) ×4 |
| 0:01 | Queue | Villager (Male) |
| 0:02 | Build | House |
| 0:02 | Build | House |
| 1:25 | Queue | Villager (Male) |
| 1:54 | Build | Lumber Camp |
| 1:59 | Queue | Villager (Male) |
| 2:16 | Queue | Villager (Male) |
| 2:45 | Queue | Villager (Male) |
| 2:45 | Queue | Villager (Male) |
| 3:13 | Queue | Villager (Male) |
| 3:13 | Queue | Villager (Male) |
| 3:32 | Queue | Villager (Male) |
| 3:48 | Build | House |
| 3:54 | Queue | Villager (Male) |
| 3:55 | Queue | Villager (Male) |
| 4:18 | Build | Palisade Gate |
| 4:22 | Build | Palisade Gate |
| 4:24 | Queue | Villager (Male) |
| 4:25 | Queue | Villager (Male) |
| 4:25 | Queue | Villager (Male) |
| 4:44 | Build | Palisade Wall |
| 4:56 | Build | Palisade Wall |
| 4:58 | Build | Palisade Wall |
| 4:59 | Build | Palisade Wall |
| 5:01 | Queue | Villager (Male) |
| 5:04 | Build | Mill |
| 5:06 | Build | Palisade Wall |
| 5:08 | Build | Palisade Wall |
| 5:20 | Queue | Villager (Male) |
| 5:24 | Build | House |
| 5:25 | Build | House |
| 6:34 | Queue | Villager (Male) |
| 6:35 | Queue | Villager (Male) |
| 6:35 | Queue | Villager (Male) |
| 6:53 | Queue | Villager (Male) |
| 7:06 | Build | Lumber Camp |
| 7:22 | Queue | Villager (Male) |
| 7:39 | Queue | Villager (Male) |
| 7:48 | Build | Pasture |
| 8:38 | Research | Feudal Age |
| 8:44 | Build | Mining Camp |
| 9:10 | Queue | Villager (Male) |
| 9:10 | Queue | Villager (Male) |
| 9:20 | Build | Barracks |
| 9:33 | Build | Palisade Wall |
| 9:39 | Build | House |
| 9:51 | Build | Palisade Wall |
| 9:52 | Build | Palisade Wall |
| 9:58 | Build | Palisade Wall |
| 9:59 | Build | Palisade Wall |
| 10:00 | Build | Palisade Wall |
| 10:15 | Build | Palisade Wall |
| 10:22 | Build | Palisade Wall |
| 10:24 | Build | Palisade Wall |
| 10:25 | Build | Palisade Wall |
| 10:26 | Build | Palisade Wall |
| 10:26 | Build | Palisade Wall |
| 10:30 | Build | Palisade Wall |
| 10:31 | Build | Palisade Wall |
| 10:48 | Research | Loom |
| 11:14 | Age | Feudal Age |
| 11:15 | Build | Market |
| 11:17 | Build | Blacksmith |
| 11:49 | Build | House |
| 12:00 | Build | Market |
| 12:12 | Build | Stone Wall |
| 12:24 | Research | Castle Age |
| 12:49 | Research | Double-Bit Axe |
| 13:15 | Queue | Villager (Male) |
| 13:59 | Build | Pasture |
| 14:14 | Build | House |
| 14:23 | Build | House |
| 14:35 | Research | Tech 1014 |
| 14:35 | Research | Tech 1014 |
| 14:49 | Build | House |
| 15:04 | Age | Castle Age |
| 15:05 | Build | Siege Workshop |
| 15:08 | Research | Bow Saw |
| 15:14 | Build | Monastery |
| 15:24 | Queue | Villager (Male) |
| 15:25 | Queue | Villager (Male) |
| 15:40 | Queue | Iron Pagoda |
| 15:56 | Queue | Iron Pagoda |
| 15:57 | Queue | Villager (Male) |
| 16:01 | Queue | Monk |
| 16:01 | Queue | Monk |
| 16:27 | Queue | Villager (Male) |
| 16:51 | Build | Pasture |
| 16:52 | Queue | Villager (Male) |
| 17:37 | Queue | Villager (Male) |
| 17:48 | Queue | Villager (Male) |
| 17:48 | Queue | Villager (Male) |
| 18:09 | Queue | Villager (Male) |
| 18:13 | Build | Town Center |
| 18:35 | Queue | Villager (Male) |
| 18:48 | Build | Pasture |
| 18:52 | Queue | Villager (Male) |
| 19:05 | Queue | Monk |
| 19:13 | Queue | Villager (Male) |
| 19:38 | Queue | Villager (Male) |
| 19:41 | Build | Pasture |
| 19:43 | Build | Pasture |
| 19:47 | Queue | Villager (Male) |
| 20:10 | Queue | Villager (Male) |
| 20:21 | Queue | Villager (Male) |
| 20:54 | Queue | Villager (Male) |
| 20:58 | Queue | Villager (Male) |
| 20:58 | Queue | Villager (Male) |
| 21:06 | Queue | Villager (Male) |
| 21:42 | Queue | Villager (Male) |
| 21:48 | Queue | Villager (Male) |
| 21:55 | Build | House |
| 21:57 | Build | House |
| 21:58 | Queue | Villager (Male) |
| 22:17 | Build | Barracks |
| 22:17 | Queue | Villager (Male) |
| 22:20 | Build | House |
| 22:21 | Build | House |
| 22:23 | Queue | Villager (Male) |
| 22:33 | Queue | Villager (Male) |
| 22:40 | Build | Town Center |
| 22:55 | Build | Outpost |
| 22:57 | Build | Stone Wall |
| 22:58 | Build | Stone Wall |
| 22:59 | Queue | Villager (Male) |
| 23:00 | Queue | Villager (Male) |
| 23:01 | Build | Pasture |
| 23:07 | Queue | Villager (Male) |
| 23:08 | Build | Town Center |
| 23:13 | Build | House |
| 23:16 | Build | House |
| 23:16 | Build | House |
| 23:16 | Build | House |
| 23:18 | Build | House |
| 23:19 | Queue | Villager (Male) |
| 23:32 | Build | Stone Wall |
| 23:33 | Build | Stone Wall |
| 23:34 | Build | Stone Wall |
| 23:35 | Build | Stone Wall |
| 23:40 | Research | Town Watch |
| 23:47 | Queue | Villager (Male) |
| 23:49 | Build | Pasture |
| 24:00 | Queue | Villager (Male) |
| 24:09 | Build | Stone Wall |
| 24:16 | Queue | Villager (Male) |
| 24:16 | Queue | Villager (Male) |
| 24:28 | Build | Pasture |
| 24:31 | Build | Pasture |
| 24:35 | Queue | Villager (Male) |
Match timeline
| 4:44 | Leres · wall_segment Palisade Wall x1 |
| 4:56 | Leres · wall_segment Palisade Wall x1 |
| 4:58 | Leres · wall_segment Palisade Wall x1 |
| 4:59 | Leres · wall_segment Palisade Wall x1 |
| 5:06 | Leres · wall_segment Palisade Wall x1 |
| 5:08 | Leres · wall_segment Palisade Wall x1 |
| 7:52 | [AirBo]空氣包 · first_building Barracks |
| 8:54 | [AirBo]空氣包 · age_up feudal |
| 9:13 | [AirBo]空氣包 · first_building Archery Range |
| 9:20 | Leres · first_building Barracks |
| 9:33 | Leres · wall_segment Palisade Wall x1 |
| 9:51 | Leres · wall_segment Palisade Wall x1 |
| 9:52 | Leres · wall_segment Palisade Wall x1 |
| 9:58 | Leres · wall_segment Palisade Wall x1 |
| 9:59 | Leres · wall_segment Palisade Wall x1 |
| 10:00 | Leres · wall_segment Palisade Wall x1 |
| 10:15 | Leres · wall_segment Palisade Wall x1 |
| 10:22 | Leres · wall_segment Palisade Wall x1 |
| 10:24 | Leres · wall_segment Palisade Wall x1 |
| 10:25 | Leres · wall_segment Palisade Wall x1 |
| 10:26 | Leres · wall_segment Palisade Wall x1 |
| 10:26 | Leres · wall_segment Palisade Wall x1 |
| 10:30 | Leres · wall_segment Palisade Wall x1 |
| 10:31 | Leres · wall_segment Palisade Wall x1 |
| 11:14 | Leres · age_up feudal |
| 12:12 | Leres · wall_segment Stone Wall x5 |
| 15:04 | Leres · age_up castle |
| 15:05 | Leres · first_building Siege Workshop |
| 15:14 | Leres · first_building Monastery |
| 17:42 | Leres · first_market_sell 100 wood |
| 19:37 | [AirBo]空氣包 · first_building Stable |
| 22:06 | [AirBo]空氣包 · age_up castle |
| 22:40 | [AirBo]空氣包 · first_building Monastery |
| 22:57 | Leres · wall_segment Stone Wall x1 |
| 22:58 | Leres · wall_segment Stone Wall x1 |
| 23:17 | [AirBo]空氣包 · first_market_buy 100 stone |
| 23:21 | [AirBo]空氣包 · first_building Castle |
| 23:32 | Leres · wall_segment Stone Wall x1 |
| 23:33 | Leres · wall_segment Stone Wall x1 |
| 23:34 | Leres · wall_segment Stone Wall x1 |
| 23:35 | Leres · wall_segment Stone Wall x1 |
| 24:09 | Leres · wall_segment Stone Wall x3 |
| 24:58 | Leres · wall_segment Stone Wall x2 |
| 25:02 | Leres · wall_segment Stone Wall x4 |
| 26:55 | [AirBo]空氣包 · first_market_sell 100 wood |
| 27:41 | Leres · first_building Stable |
| 27:49 | Leres · first_market_buy 100 food |
| 28:17 | Leres · first_building Castle |
| 29:42 | [AirBo]空氣包 · first_building Siege Workshop |
| 30:01 | Leres · first_building Archery Range |
| 30:44 | [AirBo]空氣包 · age_up imperial |
| 31:11 | Leres · age_up imperial |
| 35:53 | [AirBo]空氣包 · resign |
[ AI ANALYSIS · 1 CREDIT ]
What really happened in this match?
Wolo.gg analyzes every decision: build order, eco, micro, common mistakes by bracket. Personalized analysis on WhatsApp or Discord in 30 seconds.
Civ guide
Wu
Perfil
Jugador #9776082